 Dungeon Crawl Stone Soup version 0.26-a0-800-g517d6fe721 (webtiles) character file.

Game seed: 11151143419446112482

65509 Kinoniko the Blocker (level 15, -3/119 HPs)
             Began as a Gnoll Fighter on Nov 11, 2020.
             Was the Champion of Okawaru.
             Slain by a fire giant
             ... wielding a +0 great sword of flaming
              (6 damage)
             ... on level 12 of the Dungeon.
             The game lasted 00:37:27 (21186 turns).

Kinoniko the Blocker (Gnoll Fighter)               Turns: 21186, Time: 00:37:28

Health: -3/119     AC: 35    Str: 27    XL:     15   Next: 16%
Magic:  0/28       EV: 18    Int: 12    God:    Okawaru [******]
Gold:   1680       SH:  0    Dex: 20    Spells: 30/33 levels left

rFire    . . .     SeeInvis .   L - +2 bardiche (freeze)
rCold    + . .     Faith    .   (shield currently unavailable)
rNeg     + . .     Spirit   +   c - +10 plate armour of Toegot {rElec rC+ rCorr Stlth-}
rPois    +         Reflect  .   n - +0 helmet
rElec    +         Harm     .   t - scarf {repulsion}
rCorr    +         Rampage  .   x - +2 pair of gloves {Str+3}
MR       +....                  j - +1 pair of boots of Incorporation {rPois rN+ Slay+3}
Stlth    +.........             Y - amulet of guardian spirit
HPRegen  0.29/turn              g - +6 ring of strength
MPRegen  0.21/turn              M - ring of resist corrosion

@: heroism, repel missiles
A: distributed training, fangs 1, strong nose
a: Heroism, Finesse, Renounce Religion


You were on level 12 of the Dungeon.
You worshipped Okawaru.
Okawaru was exalted by your worship.
You visited 2 branches of the dungeon, and saw 18 of its levels.
You also visited: Ossuary and Ice Cave.

You collected 1680 gold pieces.

Inventory:

Hand Weapons
 a - a +4 eveningstar of venom
 e - the +5 glaive "Moyff" {vorpal, rPois rF+ MR-}
   (You found it on level 4 of the Dungeon)

   It inflicts extra damage upon your enemies.
   It protects you from fire.
   It protects you from poison.
   It affects your resistance to hostile enchantments.
 D - the +7 rapier "Letascho" {drain, rC+ Dex+6}
   (You found it on level 10 of the Dungeon)

   A truly terrible weapon, it drains the life of those it strikes.
   It affects your dexterity (+6).
   It protects you from cold.
 L - a +2 bardiche of freezing (weapon)
 T - a +5 longbow of flaming
Missiles
 W - 194 arrows
Armour
 c - the +10 plate armour of Toegot (worn) {rElec rC+ rCorr Stlth-}
   (You acquired it on level 6 of the Lair of Beasts)

   It protects you from cold.
   It insulates you from electricity.
   It provides partial protection from all sources of acid and corrosion.
   It makes you less stealthy.
 j - the +1 pair of boots of Incorporation (worn) {rPois rN+ Slay+3}
   (Okawaru gifted it to you on level 8 of the Dungeon)

   It affects your accuracy and damage with ranged weapons and melee attacks
   (+3).
   It protects you from poison.
   It protects you from negative energy.
 n - a +0 helmet (worn)
 t - a scarf of repulsion (worn)
 x - a +2 pair of gloves of strength (worn)
 I - a +4 kite shield of protection
Jewellery
 d - an uncursed amulet of magic regeneration
 g - a +6 ring of strength (left hand)
 k - an uncursed ring of stealth
 o - an uncursed ring of magical power
 w - an uncursed ring of see invisible
 B - an uncursed amulet of the acrobat
 M - a ring of resist corrosion (right hand)
 O - an uncursed ring of protection from cold
 Y - an amulet of guardian spirit (around neck)
Wands
 l - a wand of enslavement (9)
 v - a wand of polymorph (18)
 A - a wand of acid (23)
 C - a wand of flame (39)
 S - a wand of iceblast (18)
 V - a wand of digging (4)
Scrolls
 h - 16 scrolls of teleportation
 m - 2 scrolls of amnesia
 p - a scroll of silence
 u - a scroll of enchant weapon
 y - 7 scrolls of fog
 H - 4 scrolls of remove curse
 X - a scroll of torment
Potions
 f - 2 potions of resistance
 q - 10 potions of mutation
 r - 5 potions of cancellation
 s - 5 potions of curing
 z - 2 potions of flight
 E - a potion of invisibility
 G - 3 potions of ambrosia
 N - 3 potions of might
 P - a potion of berserk rage {unknown}
Miscellaneous
 i - a condenser vane


   Skills:
 + Level 11.6(16.6) Fighting
 + Level 9.8(14.8) Short Blades
 + Level 10.8(15.8) Long Blades
 + Level 9.8(14.8) Axes
 + Level 9.8(14.8) Maces & Flails
 + Level 9.8(14.8) Polearms
 + Level 9.8(14.8) Staves
 + Level 9.8(14.8) Slings
 + Level 9.8(14.8) Bows
 + Level 9.8(14.8) Crossbows
 + Level 9.8(14.8) Throwing
 + Level 11.6(16.6) Armour
 + Level 9.8(14.8) Dodging
 + Level 9.8(14.8) Stealth
 + Level 11.6(16.6) Shields
 + Level 9.8(14.8) Unarmed Combat
 + Level 9.8 Spellcasting
 + Level 8.2 Conjurations
 + Level 8.2 Hexes
 + Level 8.2 Summonings
 + Level 8.2 Necromancy
 + Level 8.2 Translocations
 + Level 8.2 Transmutations
 + Level 8.2 Fire Magic
 + Level 8.2 Ice Magic
 + Level 8.2 Air Magic
 + Level 8.2 Earth Magic
 + Level 8.2 Poison Magic
 + Level 10.6 Invocations
 + Level 9.8 Evocations


You had 30 spell levels left.
You knew the following spells:

 Your Spells              Type           Power        Failure   Level
a - Confusing Touch       Hex            ####....     7%          3

Your spell library contained the following spells:

 Spells                   Type           Power        Failure   Level
 Apportation              Tloc           ####..       2%          1
 Beastly Appendage        Tmut           ####..       2%          1
 Wereblood                Tmut           ####....     3%          2
 Gell's Gravitas          Tloc           ####......   7%          3
 Lesser Beckoning         Tloc           ####......   7%          3
 Spider Form              Tmut/Pois      ####......   7%          3
 Tukima's Dance           Hex            ####....     7%          3
 Cause Fear               Hex            ####......   22%         4
 Ice Form                 Ice/Tmut       ####....     22%         4
 Petrify                  Tmut/Erth      ####....     22%         4
 Alistair's Intoxication  Tmut/Pois      ####.....    54%         5
 Blade Hands              Tmut           ####......   54%         5
 Bolt of Magma            Conj/Fire/Erth ####......   54%         5
 Iskenderun's Battlesphe  Conj           ####....     54%         5
 Metabolic Englaciation   Hex/Ice        ####......   54%         5
 Silence                  Hex/Air        ####......   54%         5
 Yara's Violent Unravell  Hex/Tmut       ####......   54%         5
 Invisibility             Hex            ####....     98%         6
 Iron Shot                Conj/Erth      ####......   98%         6
 Orb of Destruction       Conj           ####......   100%        7
 Spellforged Servitor     Conj/Summ      ####......   100%        7
 Discord                  Hex            ####......   100%        8


Dungeon Overview and Level Annotations

Branches:
Dungeon (12/15)            Temple (0/1) D:5            Lair (6/6) D:8
  Swamp (0/4) Lair:3       Spider (0/4) Lair:2        Slime (0/5) Lair:6
    Orc (0/2) D:10        Ossuary (visited)           IceCv (visited)

Altars:
Elyvilon
Fedhas
Makhleb
Okawaru
Ru
Uskayaw
Wu Jian
Xom
Yredelemnul
Jiyva

Shops:
D:5 (

Portals:
Hell: Lair:6

Annotations:
D:3 1 runed translucent door
D:10 1 runed translucent door


Innate Abilities, Weirdness & Mutations

Your experience applies equally to all skills.
You have very sharp teeth.
Your uncanny sense of smell can sniff out nearby items.


Message History

The fireball engulfs the fire giant.
The fire giant resists.
You hear a shout!
You hear an angry hiss.
You gain the combat prowess of a mighty hero.
The fire giant points at you and mumbles some strange words.
The bolt of fire hits you!
* * * LOW HITPOINT WARNING * * *
Unknown command.
You hit the fire giant. You freeze the fire giant.
The fire giant is almost dead.
The fire giant hits you with a +0 great sword of flaming!
* * * LOW HITPOINT WARNING * * *
The fire giant burns you.
* * * LOW HITPOINT WARNING * * *
Unknown command.
Okay, then.
Okay, then.
You barely miss the fire giant.
The fire giant is almost dead.
The fire giant hits you with a +0 great sword of flaming.
You die...

## ∆ #.# ∆ ∆ #.#
#hC## .# ###@### ...
.#∆ #[....# ..#
....###.#####.# #.#
∆#...........
#.....###.###.#.#
.)#∆ #.....#
.#####)#####)#####.##
.......[((.))).......
.....########)#######


You could see a fire giant and a hound.

Vanquished Creatures
  Nessos (Lair:4)
  A dire elephant (Lair:6)
  2 boulder beetles
  13 hydras
  A two-headed ogre (D:11)
  A centaur warrior (D:12)
  A queen ant (Lair:2)
  2 catoblepae (Lair:2)
  5 skeletal warriors (D:11)
  A sixfirhy (Lair:6)
  A wizard (Lair:6)
  A necromancer (IceCv)
  5 oklob plants
  A manticore (D:12)
  2 ice statues (IceCv)
  4 elephants (Lair:5)
  8 black mambas
  2 orange demons (Lair:6)
  12 cane toads
  A torpor snail (Lair:5)
  A smoke demon (Lair:6)
  A gargoyle (D:12)
  7 komodo dragons
  2 rime drakes (Lair:6)
  A kobold demonologist (D:12)
  A red devil (Lair:6)
  4 polar bears
  10 ice devils
  A jumping spider (Lair:2)
  3 trolls (D:12)
  6 dream sheep (Lair:5)
  10 blink frogs
  A water elemental (D:11)
  A wraith (D:12)
  64 yaks
  4 wyverns
  2 basilisks
  19 soldier ants (Lair:2)
  4 hell hounds (Lair:6)
  25 water moccasins
  2 swamp worms (Lair:3)
  10 ice beasts
  9 orc warriors
  A swamp drake (D:10)
  2 sky beasts
  5 black bears
  2 necrophages (D:8)
  3 ogres
  A phantom (D:6)
  6 wolves (Lair:2)
  A centaur (D:5)
  4 big kobolds
  15 bullfrogs
  A gnoll sergeant (D:9)
  A wyvern zombie (D:8)
  A scorpion (D:4)
  17 killer bees
  4 electric eels
  13 wights
  A howler monkey (D:6)
  2 centaur zombies
  A bullfrog zombie (D:5)
  A draconian simulacrum (IceCv)
  A quasit (D:7)
  2 jellies
  7 hounds
  9 orc priests
  4 iguanas
  A bullfrog skeleton (D:9)
  A centaur skeleton (D:6)
  17 orc wizards
  24 worker ants
  2 troll simulacra (IceCv)
  2 spriggan simulacra (IceCv)
  A centaur simulacrum (IceCv)
  13 mummies (Ossuary)
  A worker ant zombie (D:8)
  15 gnolls
  3 naga simulacra (IceCv)
  6 adders
  An ogre simulacrum (IceCv)
  3 shadow imps
  2 white imps
  2 ufetubi (D:5)
  An ooze (D:2)
  2 adder skeletons
  An adder zombie (D:7)
  3 worms
  A dart slug (D:2)
  4 leopard geckos
  55 orcs
  3 ball pythons
  8 bats
  4 giant cockroaches
  5 hobgoblins
  12 jackals
  5 quokkas
  2 frilled lizards
  A giant cockroach zombie (D:5)
  2 gnoll skeletons (Ossuary)
  11 goblins
  3 goblin skeletons (Ossuary)
  A jackal zombie (D:10)
  15 kobolds
  A kobold skeleton (Ossuary)
  A kobold zombie (D:10)
  2 orc skeletons (Ossuary)
  6 rats
  11 rat skeletons (Ossuary)
612 creatures vanquished.

Vanquished Creatures (collateral kills)
  An oklob plant (Lair:4)
  A blink frog (Lair:4)
2 creatures vanquished.

Vanquished Creatures (others)
  A kobold (D:11)
  73 fungi
  98 plants
172 creatures vanquished.

Grand Total: 786 creatures vanquished

Notes
Turn   | Place    | Note
-------+----------+-------------------------------------------
     0 | D:1      | Kinoniko the Gnoll Fighter began the quest for the Orb.
     0 | D:1      | Reached XP level 1. HP: 23/23 MP: 1/1
   437 | D:1      | Reached XP level 2. HP: 28/29 MP: 2/2
   915 | D:2      | Reached XP level 3. HP: 27/35 MP: 3/3
  1005 | D:2      | Found an iron altar of Okawaru.
  1016 | D:2      | Reached skill level 1 in Invocations
  1059 | D:2      | Became a worshipper of Warmaster Okawaru
  1088 | D:2      | Reached skill level 1 in Short Blades
  1088 | D:2      | Reached skill level 1 in Axes
  1088 | D:2      | Reached skill level 1 in Maces & Flails
  1088 | D:2      | Reached skill level 1 in Polearms
  1088 | D:2      | Reached skill level 1 in Staves
  1088 | D:2      | Reached skill level 1 in Slings
  1088 | D:2      | Reached skill level 1 in Bows
  1088 | D:2      | Reached skill level 1 in Crossbows
  1088 | D:2      | Reached skill level 1 in Throwing
  1088 | D:2      | Reached skill level 1 in Dodging
  1088 | D:2      | Reached skill level 1 in Stealth
  1088 | D:2      | Reached skill level 1 in Unarmed Combat
  1088 | D:2      | Reached skill level 1 in Spellcasting
  1088 | D:2      | Reached skill level 1 in Evocations
  1154 | D:2      | Reached XP level 4. HP: 41/41 MP: 5/5
  1244 | D:2      | Reached skill level 1 in Conjurations
  1244 | D:2      | Reached skill level 1 in Hexes
  1244 | D:2      | Reached skill level 1 in Summonings
  1244 | D:2      | Reached skill level 1 in Necromancy
  1244 | D:2      | Reached skill level 1 in Translocations
  1244 | D:2      | Reached skill level 1 in Transmutations
  1244 | D:2      | Reached skill level 1 in Fire Magic
  1244 | D:2      | Reached skill level 1 in Ice Magic
  1244 | D:2      | Reached skill level 1 in Air Magic
  1244 | D:2      | Reached skill level 1 in Earth Magic
  1244 | D:2      | Reached skill level 1 in Poison Magic
  1395 | D:2      | Found a sacrificial altar of Ru.
  1395 | D:2      | Found a basalt altar of Yredelemnul.
  1595 | D:2      | Reached XP level 5. HP: 43/47 MP: 6/6
  1952 | D:3      | Found a white marble altar of Elyvilon.
  1953 | D:3      | Found a runed translucent door.
  1953 | D:3      | Noticed an angel
  2186 | D:3      | Found a faded altar of an unknown god.
  2695 | D:4      | Got an iridescent glaive
  2712 | D:4      | Identified the +5 glaive "Moyff" {vorpal, rPois rF+ MR-}
                  | (You found it on level 4 of the Dungeon)
  2803 | D:4      | Noticed an ogre
  2808 | D:4      | Killed an ogre
  2808 | D:4      | Reached skill level 5 in Long Blades
  2808 | D:4      | Reached XP level 6. HP: 53/53 MP: 8/8
  2819 | D:4      | Reached * piety under Okawaru
  2901 | D:4      | Reached XP level 7. HP: 58/59 MP: 10/10
  3215 | D:4      | Found an ornate altar of the Wu Jian Council.
  3302 | D:5      | Entered Level 5 of the Dungeon
  3427 | D:5      | Reached ** piety under Okawaru
  3571 | D:5      | Found a shimmering altar of Xom.
  3675 | D:5      | Found a hide-covered altar of Uskayaw.
  3832 | D:5      | Found Imotuh's Antique Weapon Shoppe.
  3887 | D:5      | Found a staircase to the Ecumenical Temple.
  4046 | D:6      | Reached XP level 8. HP: 64/67 MP: 12/12
  4465 | D:6      | Reached *** piety under Okawaru
  4647 | D:6      | Found a sacrificial altar of Ru.
  5071 | D:7      | Reached XP level 9. HP: 72/72 MP: 14/14
  5210 | D:7      | Found a sand-covered staircase.
  5215 | Ossuary  | Entered an ossuary
  5641 | D:7      | Found a blossoming altar of Fedhas.
  5646 | D:7      | Reached **** piety under Okawaru
  6048 | D:8      | Reached skill level 5 in Invocations
  6093 | D:8      | Noticed a komodo dragon
  6331 | D:8      | Found a staircase to the Lair.
  6355 | D:7      | Reached XP level 10. HP: 22/80 MP: 17/17
  6685 | D:8      | Reached skill level 5 in Short Blades
  6685 | D:8      | Reached skill level 5 in Axes
  6685 | D:8      | Reached skill level 5 in Maces & Flails
  6685 | D:8      | Reached skill level 5 in Polearms
  6685 | D:8      | Reached skill level 5 in Staves
  6685 | D:8      | Reached skill level 5 in Slings
  6685 | D:8      | Reached skill level 5 in Bows
  6685 | D:8      | Reached skill level 5 in Crossbows
  6685 | D:8      | Reached skill level 5 in Throwing
  6685 | D:8      | Reached skill level 5 in Dodging
  6685 | D:8      | Reached skill level 5 in Stealth
  6685 | D:8      | Reached skill level 5 in Unarmed Combat
  6685 | D:8      | Reached skill level 5 in Spellcasting
  6685 | D:8      | Reached skill level 5 in Evocations
  6698 | D:8      | Reached ***** piety under Okawaru
  7040 | D:8      | Received a gift from Okawaru
  7043 | D:8      | Got a pair of masterwork boots {god gift}
  7049 | D:8      | Identified the +1 pair of boots of Incorporation {rPois rN+
                  | Slay+3} (Okawaru gifted it to you on level 8 of the
                  | Dungeon)
  8054 | D:9      | Found a sacrificial altar of Ru.
  8733 | D:10     | Entered Level 10 of the Dungeon
  9201 | D:10     | Got a translucent rapier
  9202 | D:10     | Identified the +7 rapier "Letascho" {drain, rC+ Dex+6} (You
                  | found it on level 10 of the Dungeon)
  9241 | D:10     | Found a staircase to the Orcish Mines.
  9276 | D:10     | Identified the +8 chain mail of Indomitability {Harm +Blink
                  | +Fly Dex-3}
  9366 | D:10     | Reached XP level 11. HP: 87/87 MP: 19/19
  9461 | D:10     | Found a runed translucent door.
  9465 | D:10     | Found a basalt altar of Yredelemnul.
  9621 | D:10     | Reached skill level 5 in Conjurations
  9621 | D:10     | Reached skill level 5 in Hexes
  9621 | D:10     | Reached skill level 5 in Summonings
  9621 | D:10     | Reached skill level 5 in Necromancy
  9621 | D:10     | Reached skill level 5 in Translocations
  9621 | D:10     | Reached skill level 5 in Transmutations
  9621 | D:10     | Reached skill level 5 in Fire Magic
  9621 | D:10     | Reached skill level 5 in Ice Magic
  9621 | D:10     | Reached skill level 5 in Air Magic
  9621 | D:10     | Reached skill level 5 in Earth Magic
  9621 | D:10     | Reached skill level 5 in Poison Magic
 10139 | Lair:1   | Entered Level 1 of the Lair of Beasts
 10545 | Lair:1   | Found a frozen archway.
 10576 | IceCv    | Entered an ice cave
 10692 | IceCv    | Received a gift from Okawaru
 11104 | IceCv    | Received a gift from Okawaru
 11183 | IceCv    | Noticed a necromancer
 11188 | IceCv    | Killed a necromancer
 11188 | IceCv    | Received a gift from Okawaru
 11392 | Lair:1   | Got a jet-encrusted ring mail
 11393 | Lair:1   | Identified the cursed +0 ring mail of Privacy {Dex+3} (You
                  | found it on level 1 of the Lair of Beasts)
 11965 | Lair:2   | Reached XP level 12. HP: 96/96 MP: 22/22
 11981 | Lair:2   | Noticed a catoblepas
 11987 | Lair:2   | Killed a catoblepas
 11987 | Lair:2   | Received a gift from Okawaru
 11999 | Lair:2   | Noticed a six-headed hydra
 12320 | Lair:3   | Received a gift from Okawaru
 12356 | Lair:2   | Killed a six-headed hydra
 12368 | Lair:2   | Received a gift from Okawaru
 12545 | Lair:2   | Found a hole to the Spider Nest.
 12740 | Lair:2   | Noticed a queen ant
 12746 | Lair:2   | Killed a queen ant
 12769 | Lair:2   | Received a gift from Okawaru
 12816 | Lair:2   | Reached skill level 10 in Fighting
 12816 | Lair:2   | Reached skill level 10 in Armour
 12816 | Lair:2   | Reached skill level 10 in Shields
 13087 | Lair:2   | Noticed a catoblepas
 13117 | Lair:2   | Killed a catoblepas
 13743 | Lair:3   | Noticed a five-headed hydra
 13750 | Lair:3   | Killed a five-headed hydra
 13750 | Lair:3   | Reached XP level 13. HP: 97/103 MP: 24/24
 14288 | Lair:3   | Found a staircase to the Swamp.
 14900 | Lair:4   | Learned a level 3 spell: Confusing Touch
 15001 | Lair:4   | Received a gift from Okawaru
 15074 | Lair:4   | Noticed Nessos
 15084 | Lair:4   | Killed Nessos
 15201 | Lair:4   | Received a gift from Okawaru
 15421 | Lair:5   | Reached ****** piety under Okawaru
 17063 | Lair:6   | Entered Level 6 of the Lair of Beasts
 17083 | Lair:5   | Received a gift from Okawaru
 17265 | Lair:5   | Reached XP level 14. HP: 110/111 MP: 26/26
 17407 | Lair:6   | Reached skill level 10 in Long Blades
 17544 | Lair:5   | Received a gift from Okawaru
 17870 | Lair:6   | Received a gift from Okawaru
 18221 | Lair:6   | Reached skill level 10 in Invocations
 18295 | Lair:6   | Found a burning altar of Makhleb.
 18347 | Lair:6   | Received a gift from Okawaru
 18357 | Lair:6   | Found a gateway to Hell.
 18737 | Lair:6   | Found a viscous altar of Jiyva.
 18740 | Lair:6   | Found a staircase to the Slime Pits.
 19166 | Lair:6   | Noticed a dire elephant
 19182 | Lair:6   | Killed a dire elephant
 19460 | Lair:6   | Identified a scroll of acquirement
 19460 | Lair:6   | Acquired the +10 plate armour of Toegot {rElec rC+ rCorr
                  | Stlth-}
 19850 | D:11     | Received a gift from Okawaru
 19954 | D:11     | Reached XP level 15. HP: 27/119 MP: 8/28
 21021 | D:12     | Received a gift from Okawaru
 21178 | D:12     | Noticed a fire giant
 21185 | D:12     | HP: 4/119 [fire giant/+0 great sword of flaming (13)]
 21186 | D:12     | Slain by a fire giant

Illustrated notes

Levels and vault maps discovered:
D:1:      erik_arrival_blinker_ship, layout_loops_corners
D:2:      layout_basic, okawaru_altar_gauntlet_db,
          gammafunk_temple_overflow_elements
D:3:      minmay_angry_zag, layout_loops_cross, chequers_ecumenical_altar_grove,
          serial_glass, glass_columns_a, glass_columns_a, glass_columns_a,
          glass_columns_b, glass_columns_b, glass_columns_a, glass_columns_b,
          glass_columns_a, due_unseen_surprise, feat_on_display,
          lemuel_angel_altar
D:4:      layout_loops_ring, kennysheep_little_box
D:5:      layout_basic, brannock_xom_greatest_gift, kennysheep_mini,
          temple_fountains, serial_shops, shop, dk_vineyard_3
D:6:      layout_basic, nicolae_ru_the_path_less_chosen
D:7:      layout_cave_pools, enter_ossuary_2, fedhas_altar_fruit_tree
D:8:      layout_rooms, due_lair_maze_entry_diamond
D:9:      layout_grid_maze, basic_altar
D:10:     layout_rooms, erik_orc_1, dk_yredelemnul_ordeal
D:11:     layout_roguey, serial_bayou_lagoon_b
D:12:     minmay_the_grid_square_5x5_5x5 [minmay_the_grid_square_5x5_three,
          minmay_the_grid_square_5x5_shrine2,
          minmay_the_grid_square_5x5_shrine1,
          minmay_the_grid_square_5x5_inner_z,
          minmay_the_grid_square_5x5_sharp_hourglass,
          minmay_the_grid_square_5x5_hourglass,
          minmay_the_grid_square_5x5_prize_snowflake,
          minmay_the_grid_square_5x5_dogpile,
          minmay_the_grid_square_5x5_prize_deathbox,
          minmay_the_grid_square_5x5_comb, minmay_the_grid_square_5x5_tie,
          minmay_the_grid_square_5x5_gyroscope,
          minmay_the_grid_square_5x5_prize_monsterx,
          minmay_the_grid_square_5x5_fancy_junction,
          minmay_the_grid_square_5x5_two_walls_a,
          minmay_the_grid_square_5x5_moneybag,
          minmay_the_grid_square_5x5_prize_pseudospiral,
          minmay_the_grid_square_5x5_empty,
          minmay_the_grid_square_5x5_prize_rear_guard,
          minmay_the_grid_square_5x5_bridge,
          minmay_the_grid_square_5x5_doubleslash,
          minmay_the_grid_square_5x5_tri_point,
          minmay_the_grid_square_5x5_one_wall,
          minmay_the_grid_square_5x5_minimal,
          minmay_the_grid_square_5x5_two_walls_b], layout_loops_cross,
          uniq_josephine
Lair:1:   layout_regular_city, portal_ice_cave_entry_ice_beasts
Lair:2:   layout_roguey, spider_nest_entry_rubble, minivault_29,
          grunt_megastairs_3
Lair:3:   layout_regular_city, minmay_swamp_entry_worms
Lair:4:   layout_long_grid, nicolae_lair_grove_arrangements, minivault_19,
          lemuel_fruit_tree, serial_bayou_shore_b, grunt_megastairs_5,
          minmay_lair_oklob_chamber, uniq_nessos
Lair:5:   layout_concentric_octagons
Lair:6:   evil_forest, layout_long_grid, dpeg_slime_entry_enclosed_altar,
          serial_bayou_shore_a, grunt_megastairs_4

Skill      XL: |  1  2  3  4  5  6  7  8  9 10 11 12 13 14 |
---------------+-------------------------------------------+-----
Invocations    | 1 2 3 4 5 6 7 8 9 10 | 10.6
Short Blades   | 1 2 3 4 5 6 7 8 9 |  9.8
Axes           | 1 2 3 4 5 6 7 8 9 |  9.8
Maces & Flails | 1 2 3 4 5 6 7 8 9 |  9.8
Polearms       | 1 2 3 4 5 6 7 8 9 |  9.8
Staves         | 1 2 3 4 5 6 7 8 9 |  9.8
Slings         | 1 2 3 4 5 6 7 8 9 |  9.8
Bows           | 1 2 3 4 5 6 7 8 9 |  9.8
Crossbows      | 1 2 3 4 5 6 7 8 9 |  9.8
Throwing       | 1 2 3 4 5 6 7 8 9 |  9.8
Dodging        | 1 2 3 4 5 6 7 8 9 |  9.8
Stealth        | 1 2 3 4 5 6 7 8 9 |  9.8
Unarmed Combat | 1 2 3 4 5 6 7 8 9 |  9.8
Spellcasting   | 1 2 3 4 5 6 7 8 9 |  9.8
Evocations     | 1 2 3 4 5 6 7 8 9 |  9.8
Conjurations   | 1 2 3 4 5 6 7 8 |  8.2
Hexes          | 1 2 3 4 5 6 7 8 |  8.2
Summonings     | 1 2 3 4 5 6 7 8 |  8.2
Necromancy     | 1 2 3 4 5 6 7 8 |  8.2
Translocations | 1 2 3 4 5 6 7 8 |  8.2
Transmutations | 1 2 3 4 5 6 7 8 |  8.2
Fire Magic     | 1 2 3 4 5 6 7 8 |  8.2
Ice Magic      | 1 2 3 4 5 6 7 8 |  8.2
Air Magic      | 1 2 3 4 5 6 7 8 |  8.2
Earth Magic    | 1 2 3 4 5 6 7 8 |  8.2
Poison Magic   | 1 2 3 4 5 6 7 8 |  8.2
Long Blades    | 5 6 7 8 9 10 | 10.8
Fighting       | 7 8 9 10 11 | 11.6
Armour         | 7 8 9 10 11 | 11.6
Shields        | 7 8 9 10 11 | 11.6

Action                   |  1- 3 |  4- 6 |  7- 9 | 10-12 | 13-15 || total
-------------------------+-------+-------+-------+-------+-------++-------
Melee: Long sword        |    95 |   117 |     9 |     5 |       ||   226
       Bite              |    12 |    17 |    26 |   111 |   144 ||   310
       Glaive            |       |    35 |   297 |   297 |       ||   629
       Punch             |       |       |     2 |    19 |     5 ||    26
       Rapier            |       |       |       |   316 |   547 ||   863
       Eveningstar       |       |       |       |       |    39 ||    39
       Bardiche          |       |       |       |       |   150 ||   150
 Fire: Longbow           |       |       |       |       |     9 ||     9
Throw: Boomerang         |       |       |       |     5 |       ||     5
Invok: Heroism           |       |     1 |     3 |     5 |     5 ||    14
       Finesse           |       |       |       |     1 |     1 ||     2
  Use: Scroll            |       |    12 |    12 |    13 |    17 ||    54
       Potion            |       |     1 |    13 |     5 |     4 ||    23
 Stab: Sleeping          |       |       |       |     3 |     1 ||     4
       Petrified         |       |       |       |     3 |       ||     3
       Distracted        |       |       |       |     1 |     1 ||     2
       Invisible         |       |       |       |       |     5 ||     5
Armor: Scale mail        |    37 |    27 |       |       |       ||    64
       Plate armour      |       |    67 |   362 |   151 |   127 ||   707
       Skin              |       |       |    49 |       |       ||    49
       Chain mail        |       |       |       |   201 |   218 ||   419
Dodge: Dodged            |    26 |    70 |   348 |   420 |   491 ||  1355
       Repelled          |       |       |       |     4 |     7 ||    11
Block: Kite shield       |    40 |    54 |       |       |       ||    94
       Buckler           |       |       |       |    40 |   241 ||   281
       Rpst.: Long sword |     8 |     4 |     3 |     2 |       ||    17

Table legend: (Time is in decaauts)
 A = Elapsed time spent in this place.
 B = Non-inter-level travel time spent in this place.
 C = Inter-level travel time spent in this place.
 D = Time resting spent in this place.
 E = Time spent auto-exploring this place.
 F = Levels seen in this place.
 G = Mean time per level.
                   A        B        C        D        E       F      G
               +--------+--------+--------+--------+--------+-----+--------+
         Total |  21387 |  20245 |   1142 |   5620 |  10313 |  20 | 1069.3 |
       Dungeon |  11719 |  11190 |    529 |   2947 |   5834 |  12 |  976.6 |
          Lair |   8519 |   7907 |    612 |   2255 |   4249 |   6 | 1419.8 |
       Ossuary |    351 |    351 |      0 |      0 |    224 |   1 |  351.0 |
      Ice Cave |    797 |    797 |      0 |    418 |      6 |   1 |  797.0 |
               +--------+--------+--------+--------+--------+-----+--------+

Top non-repeatable levels by time:
  Lair:5: 1889 daAuts
  Lair:6: 1753 daAuts
     D:9: 1675 daAuts
  Lair:2: 1373 daAuts
    D:11: 1330 daAuts
     D:8: 1321 daAuts
  Lair:3: 1290 daAuts
     D:7: 1240 daAuts
  Lair:4: 1178 daAuts
    D:10: 1053 daAuts
  Lair:1: 1033 daAuts
     D:3: 1006 daAuts
     D:2: 917 daAuts
   IceCv: 797 daAuts
     D:1: 788 daAuts
